 Dungeon Crawl Stone Soup version 0.27.0-1-g7a089689b8 (webtiles) character file.

Game seed: 16788444925387922327

46 Edwards80 the Slasher (level 3, -1/33 HPs)
             Began as a Minotaur Fighter on Aug 15, 2021.
             Slain by a goblin (2 damage)
             ... led by Robin
             ... on level 2 of the Dungeon.
             The game lasted 00:02:05 (906 turns).

Edwards80 the Slasher (Minotaur Fighter)             Turns: 906, Time: 00:02:06

Health: -1/33      AC:  7    Str: 19 (21) XL:     3   Next: 44%
Magic:  1/2        EV:  7    Int:  2 (5)  God:
Gold:   14         SH:  9    Dex:  8 (9)  Spells: 2/2 levels left

rFire    . . .     SeeInvis .   a - +0 long sword
rCold    + . .     Faith    .   c - +0 kite shield
rNeg     . . .     Spirit   .   b - +0 scale mail
rPois    .         Reflect  .   (helmet restricted)
rElec    .         Harm     .   (no cloak)
rCorr    .         Rampage  .   (no gloves)
Will     .....                  (no boots)
Stlth    ..........             (no amulet)
HPRegen  0.11/turn              l - ring of protection from cold
MPRegen  0.08/turn              (no ring)

@: mighty
A: horns 2, retaliatory headbutt
a: no special abilities


You were on level 2 of the Dungeon.
You visited 1 branch of the dungeon, and saw 2 of its levels.

You collected 14 gold pieces.

Inventory:

Hand Weapons
 a - a +0 long sword (weapon)
Armour
 b - a +0 scale mail (worn)
 c - a +0 kite shield (worn)
Jewellery
 l - a ring of protection from cold (left hand)
Scrolls
 f - a scroll of noise {unknown}
 g - a scroll of amnesia {unknown}
 h - a scroll of acquirement {unknown}
 i - a scroll of immolation {unknown}
Potions
 d - a potion of might
 e - 2 potions of flight
 j - a potion of degeneration


   Skills:
 - Level 3.9 Fighting
 + Level 4.1 Long Blades
 - Level 3.7 Armour
 - Level 4.0 Shields


You had 2 spell levels left.
You didn't know any spells.
Your spell library was empty.

Dungeon Overview and Level Annotations

Branches:
Dungeon (2/15)

Altars:

Annotations:
D:2 Robin


Innate Abilities, Weirdness & Mutations

You have a pair of horns on your head.
You reflexively headbutt those who attack you in melee.


Message History

The goblin hits you but does no damage. The hobgoblin hits you.
Robin hits you with a +4 club.
You barely miss Robin.
Robin is heavily wounded.
You block the goblin's attack. You block the hobgoblin's attack.
Robin throws the goblin at you! The goblin closely misses you.
The goblin barely misses you. You furiously retaliate!
You headbutt the goblin!
You kill the goblin!
The hobgoblin hits you but does no damage.
You barely miss Robin.
Robin is heavily wounded.
A hobgoblin comes into view.
Robin says, "Kneel, worm!"
Robin barely misses you. The goblin hits you but does no damage.
You block the hobgoblin's attack.
Robin says, "My goblins will feast on your bones."
Robin closely misses you.
You feel very mighty all of a sudden.
The hobgoblin no longer looks unusually strong.
The goblin hits you with a +0 antimagic dagger.
You feel your power leaking away. The hobgoblin completely misses you.
The hobgoblin barely misses you.
You riposte.
You slash the hobgoblin!
You kill the hobgoblin!
You block Robin's attack.
You barely miss Robin.
Robin is heavily wounded.
The goblin closely misses you. The hobgoblin hits you.
You block the hobgoblin's attack. Robin hits you with a +4 club.
The goblin hits you with a +0 antimagic dagger.
* * * LOW HITPOINT WARNING * * *
The hobgoblin hits you.
* * * LOW HITPOINT WARNING * * *
You slash Robin!
Robin is almost dead.
The hobgoblin hits you.
* * * LOW HITPOINT WARNING * * *
Robin hits you but does no damage.
The goblin hits you with a +0 antimagic dagger.
You die...

.....# .....# ..#
..... ..# .## ....#
#.### .. #.#.# #.#.?
.g #.#.# #.#.# S
.#####.#.# #.#.#.#
........<# #g#g#.#
#####...## #.@g)(#
##.....## ###g###
##.......## #..##
#.........####...#####
+......†..'...........
#.........##.###.#####
##.......###.# .#
##.....## #.# .#
##...## #.. .#


You could see Robin, 2 hobgoblins and a goblin (strong).

Vanquished Creatures
  An adder (D:2)
  2 dart slugs (D:1)
  6 ball pythons
  3 endoplasms (D:1)
  2 giant cockroaches (D:1)
  5 goblins
  2 hobgoblins
  2 kobolds (D:1)
  2 quokkas (D:1)
  2 bats (D:1)
  2 rats
29 creatures vanquished.

Notes
Turn   | Place    | Note
-------+----------+-------------------------------------------
     0 | D:1      | Edwards80 the Minotaur Fighter began the quest for the Orb.
     0 | D:1      | Reached XP level 1. HP: 19/19 MP: 0/0
   283 | D:1      | Reached XP level 2. HP: 27/27 MP: 1/1
   564 | D:1      | Reached XP level 3. HP: 28/33 MP: 2/2
   894 | D:2      | Identified the +1 helmet of Bad Feelings {Int+4}
   894 | D:2      | Noticed Robin
   906 | D:2      | HP: 1/33 [hobgoblin[Robin] (3)]
   906 | D:2      | Slain by a goblin

Illustrated notes

Levels and vault maps discovered:
D:1:      heliophobic_arrival_dark_side_of_the_moon, layout_loops_ring
D:2:      layout_loops_corners, shapermc_ecumenical_altar_petra, minmay_unequal,
          uniq_robin

Skill      XL: |  1  2  3 |
---------------+----------+-----
Shields        | 4 |  4.0
Long Blades    | 3 4 |  4.1
Fighting       | |  3.9
Armour         | |  3.7

Action                   || total
-------------------------++-------
Melee: Long sword        ||    53
       Headbutt          ||     8
  Use: Scroll            ||     1
       Potion            ||     3
Armor: Scale mail        ||    32
Dodge: Dodged            ||    21
Block: Kite shield       ||    26
       Rpst.: Long sword ||     5
